 Dungeon Crawl Stone Soup version 0.28-a0-1312-g71652a0310 (webtiles) character file.

Game seed: 16064671217522729014

121 blank1 the Cruncher (level 5, -1/37 HPs)
             Began as a Gnoll Wanderer on Dec 27, 2021.
             Slain by an iron imp (2 damage)
             ... summoned by Natasha
             ... on level 2 of the Dungeon.
             The game lasted 00:02:37 (1276 turns).

blank1 the Cruncher (Gnoll Wanderer)                Turns: 1276, Time: 00:02:37

Health: -1/37      AC:  6    Str: 14    XL:     5   Next: 5%
Magic:  7/7        EV: 14    Int:  8    God:
Gold:   21         SH:  0    Dex: 14    Spells: 6/6 levels left

rFire   . . .      SeeInvis .   a - +2 quarterstaff
rCold   . . .      Faith    +   (shield currently unavailable)
rNeg    . . .      Spirit   .   d - +0 leather armour
rPois   .          Reflect  .   b - +1 helmet
rElec   .          Harm     .   c - +0 cloak
rCorr   .          Rampage  .   (no gloves)
Will    .....                   (no boots)
Stlth   ++........              e - amulet of faith
HPRegen 0.12/turn               (no ring)
MPRegen 0.10/turn               (no ring)

@: no status effects
A: fangs 1, strong nose, distributed training
a: no special abilities


You were on level 2 of the Dungeon.
You visited 1 branch of the dungeon, and saw 2 of its levels.

You collected 21 gold pieces.

Inventory:

Hand Weapons
 a - a +2 quarterstaff (weapon)
 i - a +0 scimitar
Armour
 b - a +1 helmet (worn)
 c - a +0 cloak (worn)
 d - a +0 leather armour (worn)
Jewellery
 e - an amulet of faith (around neck)
Scrolls
 f - a scroll of teleportation {unknown}
 h - a scroll of fog {unknown}
 m - a scroll of identify {unknown}
Potions
 g - a potion of might {unknown}
 j - a potion of magic {unknown}
 k - a potion of heal wounds {unknown}
 l - a potion of resistance {unknown}


   Skills:
 + Level 1.3 Fighting
 + Level 1.3 Short Blades
 + Level 1.3 Long Blades
 + Level 4.7 Axes
 + Level 1.3 Maces & Flails
 + Level 1.3 Polearms
 + Level 8.6 Staves
 + Level 1.3 Slings
 + Level 1.3 Bows
 + Level 1.3 Crossbows
 + Level 1.3 Throwing
 + Level 2.9 Armour
 + Level 6.6 Dodging
 + Level 1.3 Stealth
 + Level 1.3 Shields
 + Level 1.3 Unarmed Combat
 + Level 1.3 Spellcasting
 + Level 1.1 Conjurations
 + Level 1.1 Hexes
 + Level 1.1 Summonings
 + Level 1.1 Necromancy
 + Level 1.1 Translocations
 + Level 1.1 Transmutations
 + Level 1.1 Fire Magic
 + Level 1.1 Ice Magic
 + Level 1.1 Air Magic
 + Level 1.1 Earth Magic
 + Level 1.1 Poison Magic
 + Level 1.5 Invocations
 + Level 1.3 Evocations


You had 6 spell levels left.
You didn't know any spells.
Your spell library was empty.

Dungeon Overview and Level Annotations

Branches:
Dungeon (2/15)

Altars:

Annotations:
D:2 Natasha


Innate Abilities, Weirdness & Mutations

You have very sharp teeth.
Your uncanny sense of smell can sniff out nearby items.
Your experience applies equally to all skills.


Message History

Natasha wildly gestures.
You feel disoriented.
Found a scroll labelled CANGICW KICK.
Natasha barely misses you.
You closely miss Natasha. Natasha casts a spell at you.
The magic dart hits you.
You hit Natasha.
Natasha is moderately wounded.
Natasha mumbles some strange words.
You barely miss Natasha.
Natasha is moderately wounded.
Natasha claws you!
You miss Natasha.
Natasha is moderately wounded.
The iron imp shouts, "Away with thee, thou pox-marked motley-minded harpy!"
The iron imp hits you but does no damage.
Natasha claws you.
You hit Natasha but do no damage.
Natasha is moderately wounded.
Natasha misses you. The iron imp hits you!
* * * LOW HITPOINT WARNING * * *
You barely miss Natasha.
Natasha is moderately wounded.
You barely miss Natasha. You bite Natasha, but do no damage.
Natasha is moderately wounded.
Natasha barely misses you. The iron imp closely misses you.
Unknown command.
You completely miss Natasha.
Natasha is lightly wounded.
Natasha closely misses you. The iron imp hits you.
* * * LOW HITPOINT WARNING * * *
You barely miss Natasha.
Natasha is lightly wounded.
Natasha claws you.
* * * LOW HITPOINT WARNING * * *
Unknown command.
You hit Natasha.
Natasha is moderately wounded.
The iron imp hits you.
You die...

#.....# .> ∆ #.....# #.# #
#.....# ##+# #.# .# #.....#
#... #.# .# #.....###
#...##.# ?.# #........
##......#####'######........
.........._........'...†....
∆...........@h......#.....###
.#'#.....$.5......#.#####
#..............#.#
#.†....###'#####.# ###......#
#..# #.#
..........####.####.####
#....#.................#
#....##########.###.##.#
#.... ........###+##.#∆


You could see an iron imp (summoned) and Natasha.

Vanquished Creatures
  Natasha (twice) (D:2)
  3 gnolls
  2 adders (D:2)
  2 ball pythons
  2 endoplasms (D:1)
  A giant cockroach (D:2)
  4 goblins (D:1)
  2 hobgoblins (D:1)
  A quokka (D:1)
  A bat (D:1)
  2 frilled lizards
  5 kobolds
  3 rats
30 creatures vanquished.

Notes
Turn   | Place    | Note
-------+----------+-------------------------------------------
     0 | D:1      | blank1 the Gnoll Wanderer began the quest for the Orb.
     0 | D:1      | blank1 set off with the following items: a +2 quarterstaff,
                  | a +0 hand axe, a +0 cloak, a +0 leather armour
     0 | D:1      | Reached XP level 1. HP: 13/13 MP: 1/1
   361 | D:1      | Reached XP level 2. HP: 8/20 MP: 2/2
   833 | D:1      | Reached XP level 3. HP: 25/25 MP: 3/3
  1033 | D:2      | Noticed Natasha
  1036 | D:2      | Reached skill level 1 in Invocations
  1048 | D:2      | Killed Natasha
  1049 | D:2      | Reached skill level 1 in Fighting
  1049 | D:2      | Reached skill level 1 in Short Blades
  1049 | D:2      | Reached skill level 1 in Long Blades
  1049 | D:2      | Reached skill level 1 in Maces & Flails
  1049 | D:2      | Reached skill level 1 in Polearms
  1049 | D:2      | Reached skill level 1 in Slings
  1049 | D:2      | Reached skill level 1 in Bows
  1049 | D:2      | Reached skill level 1 in Crossbows
  1049 | D:2      | Reached skill level 1 in Throwing
  1049 | D:2      | Reached skill level 1 in Stealth
  1049 | D:2      | Reached skill level 1 in Shields
  1049 | D:2      | Reached skill level 1 in Unarmed Combat
  1049 | D:2      | Reached skill level 1 in Spellcasting
  1049 | D:2      | Reached skill level 1 in Evocations
  1049 | D:2      | Reached XP level 4. HP: 31/32 MP: 5/5
  1114 | D:2      | Found a faded altar of an unknown god.
  1142 | D:2      | Reached skill level 1 in Conjurations
  1142 | D:2      | Reached skill level 1 in Hexes
  1142 | D:2      | Reached skill level 1 in Summonings
  1142 | D:2      | Reached skill level 1 in Necromancy
  1142 | D:2      | Reached skill level 1 in Translocations
  1142 | D:2      | Reached skill level 1 in Transmutations
  1142 | D:2      | Reached skill level 1 in Fire Magic
  1142 | D:2      | Reached skill level 1 in Ice Magic
  1142 | D:2      | Reached skill level 1 in Air Magic
  1142 | D:2      | Reached skill level 1 in Earth Magic
  1142 | D:2      | Reached skill level 1 in Poison Magic
  1228 | D:2      | Noticed Natasha
  1235 | D:2      | Killed Natasha
  1236 | D:2      | Reached XP level 5. HP: 33/37 MP: 6/6
  1261 | D:2      | Noticed Natasha
  1275 | D:2      | HP: 1/37 [Natasha (3)]
  1276 | D:2      | Slain by an iron imp

Illustrated notes

Levels and vault maps discovered:
D:1:      ebering_hopf_link, layout_basic
D:2:      wad_crossroads, layout_basic, basic_ecumenical_altar, uniq_natasha,
          uniq_terence

Skill      XL: |  1  2  3  4 |
---------------+-------------+-----
Invocations    | 1 |  1.5
Fighting       | 1 |  1.3
Short Blades   | 1 |  1.3
Long Blades    | 1 |  1.3
Maces & Flails | 1 |  1.3
Polearms       | 1 |  1.3
Slings         | 1 |  1.3
Bows           | 1 |  1.3
Crossbows      | 1 |  1.3
Throwing       | 1 |  1.3
Stealth        | 1 |  1.3
Shields        | 1 |  1.3
Unarmed Combat | 1 |  1.3
Spellcasting   | 1 |  1.3
Evocations     | 1 |  1.3
Conjurations   | 1 |  1.1
Hexes          | 1 |  1.1
Summonings     | 1 |  1.1
Necromancy     | 1 |  1.1
Translocations | 1 |  1.1
Transmutations | 1 |  1.1
Fire Magic     | 1 |  1.1
Ice Magic      | 1 |  1.1
Air Magic      | 1 |  1.1
Earth Magic    | 1 |  1.1
Poison Magic   | 1 |  1.1
Axes           | |  4.7
Staves         | |  8.6
Armour         | |  2.9
Dodging        | |  6.6

Action                   |  1- 3 |  4- 6 || total
-------------------------+-------+-------++-------
Melee: Quarterstaff      |    50 |    31 ||    81
       Bite              |     1 |     3 ||     4
Armor: Leather armour    |    10 |     3 ||    13
Dodge: Dodged            |    32 |    17 ||    49

Table legend: (Time is in decaauts)
 A = Elapsed time spent in this place.
 B = Non-inter-level travel time spent in this place.
 C = Inter-level travel time spent in this place.
 D = Time resting spent in this place.
 E = Time spent auto-exploring this place.
 F = Levels seen in this place.
 G = Mean time per level.
                   A        B        C        D        E       F      G
               +--------+--------+--------+--------+--------+-----+--------+
         Total |   1265 |   1241 |     24 |     38 |    952 |   2 |  632.5 |
       Dungeon |   1265 |   1241 |     24 |     38 |    952 |   2 |  632.5 |
               +--------+--------+--------+--------+--------+-----+--------+

Top non-repeatable levels by time:
     D:1: 1018 daAuts
     D:2: 247 daAuts
